 Dungeon Crawl Stone Soup version 0.23.2-1-ga50397a (webtiles) character file.

Game seed: 930397085557469418

534 kae the Chopper (level 7, -13/61 HPs)
             Began as a Deep Dwarf Fighter on May 18, 2019.
             Mangled by a tentacled starspawn (29 damage)
             ... summoned by a glowing orange brain
             ... on level 1 of the Abyss.
             The game lasted 00:02:32 (2244 turns).

kae the Chopper (Deep Dwarf Fighter)                Turns: 2244, Time: 00:02:33

Health: -13/61     AC:  8    Str: 21    XL:     7   Next: 4%
Magic:  7/7        EV:  7    Int:  9    God:
Gold:   107        SH:  0    Dex: 12    Spells: 6/6 levels left

rFire    . . .     SeeInvis .   a - +1 war axe
rCold    . . .     Gourm    .   c - +0 shield
rNeg     . . .     Faith    .   b - +0 scale mail
rPois    .         Spirit   .   (no helmet)
rElec    .         Reflect  .   k - +0 cloak
rCorr    .         Harm     .   (no gloves)
MR       +....                  (no boots)
Stlth    ..........             (no amulet)
HPRegen  0.00/turn              (no ring)
MPRegen  0.10/turn              (no ring)

@: confused, non-regenerating
A: damage resistance, heal wounds, sense surroundings 1, no regeneration
a: Heal Wounds


You were on level 1 of the Abyss.
You were hungry.

You visited 1 branch of the dungeon, and saw 3 of its levels.
You visited the Abyss 1 time.

You collected 107 gold pieces.

Inventory:

Hand Weapons
 a - a +1 war axe (weapon)
Armour
 b - a +0 scale mail (worn)
 c - a +0 shield (worn)
 k - a +0 cloak (worn)
Jewellery
 h - a +4 ring of protection {unknown}
Wands
 d - a wand of polymorph (7)
Scrolls
 i - 4 scrolls of remove curse {unknown}
 n - 2 scrolls of identify
 o - 3 scrolls of enchant weapon
 q - a scroll of magic mapping {unknown}
Potions
 e - a potion of heal wounds
 g - a potion of flight {unknown}
 j - a potion of degeneration {unknown}
 l - a potion of cancellation {unknown}
 m - a potion of curing {unknown}
 r - a potion of invisibility {unknown}
Comestibles
 f - 7 rations


   Skills:
 - Level 2.6 Fighting
 * Level 7.1 Axes
 + Level 5.6 Armour
 - Level 3.2 Shields


You had 6 spell levels left.
You didn't know any spells.
Your spell library was empty.

Dungeon Overview and Level Annotations

Branches:
Dungeon (3/15)

Altars:


Innate Abilities, Weirdness & Mutations

You are resistant to damage.
You can heal yourself by infusing magical energy.
You passively map a small area around you.
You do not regenerate.


Message History

You're too confused to move!
Something hits you.
* * * LOW HITPOINT WARNING * * *
The glowing orange brain blinks!
Something hits you but does no damage.
The tentacled starspawn barely misses you. x2
You barely miss the wretched star. You miss something.
You hit the tentacled starspawn.
You feel less confused. You block something's attack.
The glowing orange brain pulsates.
You are confused.
Tentacles burst from the starspawn's body! 2 starspawn tentacles come into view.
Something hits you but does no damage. The starspawn tentacle grabs you.
The starspawn tentacle constricts you.
You closely miss the wretched star. You hit the tentacled starspawn.
The starspawn tentacle loses its grip on you.
You hit the starspawn tentacle but do no damage.
You miss something.
Something hits you but does no damage. x2
The tentacled starspawn bites you!!
You die...

.####.#.#. #
..## # ##.
......###.
....#.... ...#..
##...#.........
. #..##........
..
...#........###.
. .....###.##
......#.#..##
###...#.@G..#...
#....wX*w.....
#.....#..V..#...
##... ##...###..
#..# ##.## ..#.
.. . ... ....
...#


You could see a tentacled starspawn, a wretched star, a glowing orange brain and
2 starspawn tentacles.

Vanquished Creatures
  Grinder (D:3)
  Sigmund (D:3)
  2 orc wizards
  3 adders
  2 worms
  2 dart slugs
  A leopard gecko (D:2)
  7 orcs
  3 giant cockroaches
  6 goblins
  8 hobgoblins
  6 jackals
  4 quokkas
  A ball python (D:2)
  6 bats
  8 frilled lizards
  6 kobolds
  3 rats
70 creatures vanquished.

Notes
Turn   | Place    | Note
-------+----------+-------------------------------------------
     0 | D:1      | kae the Deep Dwarf Fighter began the quest for the Orb.
     0 | D:1      | Reached XP level 1. HP: 20/20 MP: 1/1
   246 | D:1      | Reached XP level 2. HP: 20/27 MP: 2/2
   306 | D:1      | Reached skill level 3 in Axes
   717 | D:1      | Reached XP level 3. HP: 29/33 MP: 3/3
  1390 | D:2      | Reached skill level 4 in Axes
  1779 | D:2      | Reached XP level 4. HP: 20/40 MP: 4/4
  1855 | D:3      | Reached XP level 5. HP: 39/46 MP: 5/5
  1920 | D:3      | Reached skill level 5 in Axes
  2061 | D:3      | Noticed Grinder
  2072 | D:3      | Paralysed by Grinder for 7 turns
  2115 | D:3      | Paralysed by Grinder for 2 turns
  2123 | D:3      | Killed Grinder
  2123 | D:3      | Reached skill level 6 in Axes
  2123 | D:3      | Reached skill level 5 in Armour
  2123 | D:3      | Reached XP level 6. HP: 31/55 MP: 6/6
  2157 | D:3      | Noticed Sigmund
  2169 | D:3      | Killed Sigmund
  2169 | D:3      | Reached skill level 7 in Axes
  2169 | D:3      | Reached XP level 7. HP: 52/61 MP: 7/7
  2220 | D:3      | Cast into level 1 of the Abyss (orc wizard)
  2226 | Abyss:1  | Noticed a glowing orange brain
  2240 | Abyss:1  | Noticed a tentacled starspawn
  2240 | Abyss:1  | Noticed a wretched star
  2244 | Abyss:1  | Mangled by a tentacled starspawn

Skill      XL: |  1  2  3  4  5  6 |
---------------+-------------------+-----
Axes           | 3 4 6 7 |  7.1
Armour         | 4 5 |  5.6
Fighting       | |  2.6
Shields        | |  3.2

Action                   |  1- 3 |  4- 6 |  7- 9 || total
-------------------------+-------+-------+-------++-------
Melee: War axe           |   122 |   103 |    22 ||   247
 Abil: Heal Wounds       |     1 |     4 |       ||     5
  Use: Scroll            |     2 |       |       ||     2
       Potion            |       |     1 |       ||     1
  Eat: Chunk             |     2 |     2 |       ||     4
Armor: Scale mail        |    63 |    43 |     8 ||   114
Dodge: Dodged            |    32 |    22 |     4 ||    58
Block: Shield            |    46 |    43 |     8 ||    97
